Map: Lost and Found LE

Players

jheffe

  • Race: Terran Terran
  • Spawn Location: 1:00

Silky - Winner!

  • Race: Zerg Zerg
  • Spawn Location: 7:00

Event: WCS Montreal 2018

VOD

Have the link to the VOD?

Description

Time

  • Played on: Sept. 7, 2018, 2:12 p.m.
  • Length: 9:54

All games in this series

Show
View Real Time Build Order
Export as new Build Order

jheffe Terran 

Build Orders: Reaper Expand, MMM Bio 

Get SALT Encoding   

  12  0:00  SCV  
  13  0:13  SCV  
  14  0:17  Supply Depot  
  14  0:25  SCV  
  15  0:38  SCV  
  15  0:40  Barracks  
  16  0:48  Refinery  
  16  0:50  SCV  
  17  1:03  SCV  
  18  1:15  SCV  
  19  1:28  Orbital Command  
  19  1:30  Reaper  
  20  1:39  Command Center  
  20  1:47  Supply Depot  
  21  1:54  SCV  
  21  2:02  Marine  
  21  2:06  SCV  
  23  2:09  Factory  
  23  2:14  Refinery  
  23  2:18  SCV  
  23  2:30  SCV  
  23  2:33  Barracks Reactor  
  24  2:42  Bunker  
  23  2:57  SCV  
  24  3:02  Starport  
  24  3:03  Hellion  
  24  3:04  Orbital Command  
  26  3:10  Marine x2  
  28  3:13  SCV  
  29  3:24  Factory Tech Lab  
  29  3:25  SCV  
  30  3:29  Marine  
  30  3:30  SCV, Marine  
  33  3:37  SCV  
  34  3:47  SCV  
  34  3:49  Marine  
  34  3:50  SCV  
  34  3:54  Marine  
  34  3:57  Banshee  
  34  4:01  SCV  
  34  4:02  Cloaking Field, SCV  
  39  4:06  Cyclone  
  41  4:13  SCV  
  42  4:19  Marine  
  42  4:21  SCV  
  41  4:25  SCV  
  42  4:33  SCV  
  42  4:37  SCV  
  43  4:38  Barracks Reactor  
  43  4:39  Banshee  
  46  4:52  Supply Depot  
  46  4:55  Command Center  
  46  5:02  SCV x2  
  46  5:13  Barracks  
  46  5:14  SCV x2, Barracks  
  46  5:18  Supply Depot  
  48  5:26  SCV x2  
  47  5:29  Factory Reactor  
  47  5:36  Engineering Bay  
  47  5:37  Engineering Bay  
  47  5:38  SCV x2  
  47  5:40  Marine  
  47  5:41  Stimpack  
  50  5:46  Starport Reactor  
  50  5:47  Refinery  
  50  5:48  Refinery  
  50  5:50  SCV x2  
  52  5:58  Marine  
  52  6:03  SCV x2, Barracks  
  55  6:05  Barracks  
  55  6:08  Terran Infantry Weapons Level 1  
  55  6:10  Terran Infantry Armor Level 1  
  55  6:15  SCV x2  
  54  6:18  Orbital Command  
  57  6:20  Marine x2  
  57  6:21  Marine  
  57  6:22  Marine  
  57  6:23  Factory Tech Lab  
  57  6:24  Marine  
  62  6:27  SCV x2  
  62  6:29  Medivac  
  66  6:38  Marine  
  66  6:39  SCV x2  
  69  6:41  Siege Tank  
  69  6:46  Marine x3  
  69  6:47  Marine  
  74  6:51  SCV  
  77  6:54  Orbital Command  
  77  6:57  Barracks Reactor x2  
  77  7:01  Medivac, SCV, Marine, Supply Depot  
  77  7:03  SCV  
  77  7:04  Marine x2  
  84  7:12  Marine  
  85  7:16  Armory  
  85  7:22  Marine x2  
  85  7:23  SCV x3, Siege Tank, Supply Depot  
  93  7:42  SCV  
  93  7:44  Marine x5  
  93  7:45  SCV x2, Marine  
  93  7:48  Combat Shields  
  101  7:53  Marine x3  
  101  7:54  SCV  
  101  7:55  Siege Tank  
  101  7:57  SCV  
  109  8:09  Supply Depot  
  109  8:13  Missile Turret, SCV, Marine x4  
  97  8:27  SCV  
  97  8:30  Siege Tank  
  89  8:38  Marine x4  
  88  8:41  Marine x2  
  88  8:42  Marine  
  88  8:43  SCV  
  88  8:44  SCV, Orbital Command  
  89  8:53  Marine x2  
  89  8:55  SCV  
  91  8:56  SCV, Marine x4  
  91  9:00  Marine x2  
  91  9:02  Siege Tank  
  101  9:04  Marine  
  101  9:07  SCV  
  101  9:08  SCV  
  104  9:12  Medivac x2  
  104  9:13  Marine x3  
  104  9:16  SCV  
  112  9:19  SCV, Supply Depot  
  112  9:23  SCV, Marine x4  
  118  9:28  SCV  
  118  9:29  Factory  
Show
View Real Time Build Order
Export as new Build Order

Silky Zerg - Winner!

Build Orders: Pool First 

Get SALT Encoding   

  12  0:00  Drone  
  13  0:12  Overlord  
  13  0:18  Drone  
  14  0:30  Drone x2  
  16  0:40  Spawning Pool  
  15  0:44  Drone  
  15  0:47  Drone  
  17  1:07  Hatchery  
  17  1:10  Drone  
  17  1:24  Extractor  
  16  1:26  Zergling x2  
  16  1:27  Zergling x2  
  16  1:28  Zergling x2  
  16  1:30  Queen  
  21  1:41  Roach Warren  
  21  1:44  Drone  
  21  1:51  Overlord  
  21  2:21  Roach x2  
  21  2:22  Roach  
  27  2:31  Roach  
  30  2:37  Drone x2  
  30  2:40  Drone x3  
  34  2:48  Drone x2  
  35  2:55  Overlord  
  33  3:11  Drone x2, Overlord  
  35  3:13  Drone  
  35  3:15  Drone  
  35  3:18  Drone  
  38  3:22  Drone x2  
  38  3:26  Drone  
  41  3:32  Queen  
  43  3:35  Drone  
  43  3:38  Drone  
  45  3:44  Drone  
  45  3:45  Drone  
  45  3:48  Drone x3  
  50  3:54  Drone  
  51  3:59  Drone  
  51  4:01  Hatchery  
  51  4:04  Drone  
  51  4:08  Lair  
  52  4:11  Overlord  
  52  4:15  Overlord  
  50  4:25  Overlord  
  50  4:26  Extractor, Queen  
  50  4:27  Extractor  
  50  4:29  Drone  
  51  4:33  Drone x3  
  51  4:37  Metabolic Boost  
  54  4:40  Drone x4  
  58  4:45  Spore Crawler  
  58  4:47  Spore Crawler  
  58  4:51  Drone  
  57  4:53  Drone  
  58  5:03  Queen  
  58  5:06  Overseer  
  60  5:09  Drone x6  
  66  5:14  Spore Crawler  
  66  5:15  Queen  
  67  5:23  Roach x2  
  67  5:24  Overlord  
  70  5:29  Drone x4  
  70  5:33  Evolution Chamber  
  70  5:34  Drone, Evolution Chamber  
  70  5:35  Drone x4  
  76  5:38  Drone  
  78  5:43  Drone  
  78  5:48  Overseer  
  80  5:50  Drone x2  
  80  5:51  Extractor, Drone x2  
  80  5:52  Extractor, Drone  
  80  5:54  Drone  
  83  5:58  Drone  
  83  5:59  Drone  
  83  6:00  Zerg Missile Weapons Level 1, Zerg Ground Armor Level 1  
  83  6:02  Ravager  
  86  6:09  Roach x2  
  86  6:10  Overlord x2  
  90  6:20  Overlord x2  
  90  6:27  Overlord  
  90  6:28  Hatchery, Overlord  
  90  6:29  Roach  
  90  6:30  Roach x3  
  97  6:38  Roach x5  
  107  6:41  Roach x2  
  107  6:42  Roach  
  113  6:47  Overlord  
  113  6:49  Roach x3  
  113  6:52  Roach  
  121  6:57  Overlord  
  121  7:05  Overlord  
  121  7:06  Overlord  
  121  7:07  Roach x3  
  121  7:08  Roach  
  129  7:11  Overlord  
  129  7:13  Overlord  
  129  7:16  Roach  
  129  7:17  Roach x3  
  137  7:23  Overlord  
  137  7:25  Roach  
  137  7:26  Roach  
  137  7:27  Spore Crawler  
  140  7:37  Roach  
  140  7:38  Roach x6  
  140  7:43  Glial Reconstitution  
  154  7:47  Zergling x14  
  161  7:52  Ravager x4  
  161  7:53  Ravager x3  
  161  7:55  Zergling x8  
  170  8:00  Ravager  
  170  8:01  Ravager, Overlord  
  170  8:03  Zergling x4  
  173  8:06  Zergling x2  
  173  8:11  Zergling x4  
  176  8:14  Ravager x2  
  152  8:31  Roach  
  152  8:32  Roach x7  
  148  8:37  Roach  
  148  8:38  Roach x5  
  140  8:42  Roach x3  
  140  8:45  Roach  
  138  8:53  Roach x4  
  138  8:54  Roach  
  142  9:07  Ravager x2  
  142  9:09  Drone x3  
  147  9:13  Queen  
  147  9:16  Zergling x12  
  147  9:17  Zergling x4  
  157  9:18  Hatchery  
  157  9:19  Ravager x2  
  157  9:21  Ravager  
  157  9:22  Drone x4  
  157  9:24  Extractor x2, Drone  
  164  9:27  Drone x2  
Tags
 
Add a new tag
Caveats
  • Supply blocks, unpowered buildings, or Contaminate may cause inaccurate times.
  • Supply counts are checked every 10 seconds.